 Dungeon Crawl Stone Soup version 0.20.1-1-g8b1a95d66d (webtiles) character file.

30 Hvezdomuz the Vexing (level 3, -1/26 HPs)
             Began as a Draconian Enchanter on Dec 2, 2017.
             Slain by a gnoll (6 damage)
             ... on level 2 of the Dungeon.
             The game lasted 00:04:40 (832 turns).

Hvezdomuz the Vexing (Draconian Enchanter)           Turns: 832, Time: 00:04:41

Health: -1/26      AC:  5    Str: 10    XL:     3   Next: 5%
Magic:  1/6        EV:  6    Int: 15    God:
Gold:   100        SH:  0    Dex: 12    Spells: 0/6 levels left

rFire    . . .     SeeInvis .   a - +1 dagger
rCold    . . .     Gourm    .   (no shield)
rNeg     . . .     Faith    .   (armour unavailable)
rPois    .         Spirit   .   (helmet restricted)
rElec    .         Reflect  .   (no cloak)
rCorr    .         Harm     .   (no gloves)
MR       .....                  (no boots)
Stlth    ++........             (no amulet)
Regen    0.1/turn               (no ring)
MPRegen  0.1/turn               (no ring)

@: very slightly contaminated, held
A: unfitting armour, cold-blooded, AC +5
a: no special abilities


You were on level 2 of the Dungeon.
You were not hungry.

You visited 1 branch of the dungeon, and saw 2 of its levels.

You collected 100 gold pieces.

Inventory:

Hand Weapons
 a - a +1 dagger (weapon)
Missiles
 d - 39 stones (quivered)
Scrolls
 e - 2 scrolls of amnesia {unknown}
 f - a scroll of recharging {unknown}
 g - a scroll of fog {unknown}
 k - a scroll of immolation {unknown}
 l - a scroll of identify {unknown}
 m - a scroll of magic mapping {unknown}
Potions
 i - a potion of mutation {unknown}
 j - a potion of lignification {unknown}
Books
 b - a book of Maledictions

   Spells                             Type                      Level
   a - Corona                         Hexes                        1
   b - Ensorcelled Hibernation        Hexes/Ice                    2
   c - Confuse                        Hexes                        3
   d - Tukima's Dance                 Hexes                        3
   e - Dazzling Spray                 Conjuration/Hexes            3
Comestibles
 c - 2 bread rations
 h - a meat ration


   Skills:
 + Level 1.0 Short Blades
 + Level 1.9 Dodging
 + Level 3.0 Stealth
 + Level 2.1 Spellcasting
 + Level 3.3 Hexes


You couldn't memorise any spells.
You knew the following spells:

 Your Spells              Type           Power        Failure   Level  Hunger
a - Corona                Hex            ##.....      5%          1    #......
b - Ensorcelled Hibernat  Hex/Ice        #.....       17%         2    ###....
c - Tukima's Dance        Hex            ##......     16%         3    ###....


Dungeon Overview and Level Annotations

Branches:
Dungeon (2/15)

Altars:
The Shining One


Innate Abilities, Weirdness & Mutations

Your plain brown scales are hard. (AC +5)
You cannot fit into any form of body armour.
You are cold-blooded and may be slowed by cold attacks.


Message History

* * * LOW HITPOINT WARNING * * *
The gnoll throws a throwing net.
The throwing net hits you.
You become entangled in the net!
You see here a throwing net.
Casting: Corona
Confirm with . or Enter, or press ? or * to list all spells.
Aiming: Tukima's Dance
Press: ? - help, Shift-Dir - straight line, f - gnoll, p - gnoll
Aim: a gnoll, wielding a halberd (chance to defeat MR: 55%)
Okay, then.
Casting: Tukima's Dance
Confirm with . or Enter, or press ? or * to list all spells.
Aiming: Ensorcelled Hibernation
Press: ? - help, Shift-Dir - straight line, f/p - gnoll
Aim: a gnoll (heavily wounded, softly glowing, chance to defeat MR: 47%)
You miscast Ensorcelled Hibernation.
You are very lightly contaminated with residual magic.
Multicoloured lights dance before your eyes!
You tear a large gash into the net.
The gnoll hits you.
You die...

..... .!. ..) ... #.# #g#
#g# .#######g######
.......@......#
########.####.# # ###.#
#.# #. #<#.# #.#######
#.#########.#.# #.......#
#..#....#...#.# #######.##
#...P......#.. .........#
#...≈≈P....########......#
#...P...#........##...##.#


You could see 3 gnolls.

Vanquished Creatures
  A gnoll (D:1)
  An ooze (D:1)
  2 dart slugs (D:1)
  A giant cockroach (D:1)
  A goblin (D:1)
  A hobgoblin (D:1)
  4 bats (D:1)
  A kobold (D:1)
  2 rats (D:1)
14 creatures vanquished.

Vanquished Creatures (others)
  4 toadstools (D:1)
4 creatures vanquished.

Grand Total: 18 creatures vanquished

Notes
Turn   | Place    | Note
-------+----------+-------------------------------------------
     0 | D:1      | Hvezdomuz the Draconian Enchanter began the quest for the Orb.
     0 | D:1      | Reached XP level 1. HP: 14/14 MP: 3/3
    39 | D:1      | Reached XP level 2. HP: 20/20 MP: 5/5
    43 | D:1      | Learned a level 2 spell: Ensorcelled Hibernation
   528 | D:1      | Reached XP level 3. HP: 26/26 MP: 6/6
   533 | D:1      | Learned a level 3 spell: Tukima's Dance
   784 | D:2      | Found a glowing golden altar of the Shining One.
   832 | D:2      | Slain by a gnoll

Skill      XL: |  1  2 |
---------------+-------+-----
Hexes          | 3 |  3.3
Stealth        | 3 |  3.0
Short Blades   | |  1.0
Dodging        | |  1.9
Spellcasting   | |  2.1

Action                   || total
-------------------------++-------
Melee: Dagger            ||    34
       Tailslap          ||     2
 Cast: Ensorcelled Hiber ||     3
       Corona            ||     3
 Stab: Sleeping          ||     8
Armor: Skin              ||     5
Dodge: Dodged            ||    25
